EL
READING FIGHTIN PHILS @ TRENTON THUNDER
09/08/2098
 
TOP OF THE 1ST
Reading Fightin Phils batting - Pitching for Trenton Thunder : LHP Eddie Cleaver
Pitching: LHP Eddie Cleaver
Batting: RHB Jim Unknown 0-0: Ground out 6-3 (Groundball, 6, EV 106.3 MPH)
Batting: LHB Ryan Price 0-0: Ball
1-0: Foul Ball, location: 7LSF
1-1: Called Strike
1-2: Strikes out swinging, 2-3 out at first.
Batting: LHB Josh Edwards 0-0: Ground out 6-3 (Groundball, 4M, EV 91.9 MPH)
Top of the 1st over - 0 runs, 0 hits, 0 errors, 0 left on base; Reading 0 - Trenton 0
BOTTOM OF THE 1ST
Trenton Thunder batting - Pitching for Reading Fightin Phils : RHP Danny Coyle
Pitching: RHP Danny Coyle
Batting: RHB Ryan Ginsburg 0-0: Ball
1-0: Foul Ball, location: 2F
1-1: Ball
2-1: Ground out 6-3 (Groundball, 56, EV 85.6 MPH)
Batting: RHB David Shamp 0-0: Swinging Strike
0-1: Ball
1-1: Foul Ball, location: 2F
1-2: Strikes out swinging
Batting: LHB John Merryman 0-0: Ball
1-0: Swinging Strike
1-1: Swinging Strike
1-2: Strikes out swinging
Bottom of the 1st over - 0 runs, 0 hits, 0 errors, 0 left on base; Reading 0 - Trenton 0
TOP OF THE 2ND
Reading Fightin Phils batting - Pitching for Trenton Thunder : LHP Eddie Cleaver
Batting: LHB Bryce Jackson 0-0: Ball
1-0: Swinging Strike
1-1: Foul Ball, location: 2F
1-2: DOUBLE (Flyball, 89XD, EV 111.3 MPH)
Batting: RHB Matt Grondin 0-0: Swinging Strike
0-1: Ball
1-1: Called Strike
1-2: Strikes out swinging
Batting: SHB Carlos Medina 0-0: Ball
1-0: Ground out 6-3 (Groundball, 6S, EV 71.9 MPH)
Batting: RHB Marc Paul 0-0: Ball
1-0: Ball
2-0: SINGLE (Flyball, 34D, EV 92.5 MPH)
Bryce Jackson to third
Runner from 3rd tries for Home, SAFE, throw by RF to home
Batting: RHB Marcus McWilliams 0-0: Ball
1-0: Fly out, F8 (Flyball, 8RD, EV 83.1 MPH)
Top of the 2nd over - 1 run, 2 hits, 0 errors, 1 left on base; Reading 1 - Trenton 0
BOTTOM OF THE 2ND
Trenton Thunder batting - Pitching for Reading Fightin Phils : RHP Danny Coyle
Batting: RHB Jeremy Boland 0-0: Called Strike
0-1: Ball
1-1: Fly out, F7 (Flyball, 7LS, EV 81.9 MPH)
Batting: LHB Jose Berumen 0-0: SINGLE (Line Drive, 5L, EV 97.5 MPH)
Batting: RHB Todd Rosenberger 0-0: Ball
1-0: Called Strike
1-1: Fly out, F2 (Popup, 3SF, EV 71.9 MPH)
Batting: RHB George McEneaney 0-0: Called Strike
0-1: Called Strike
0-2: Strikes out looking
Bottom of the 2nd over - 0 runs, 1 hit, 0 errors, 1 left on base; Reading 1 - Trenton 0
TOP OF THE 3RD
Reading Fightin Phils batting - Pitching for Trenton Thunder : LHP Eddie Cleaver
Batting: LHB Sean Halliburton 0-0: Ground out 4-3 (Groundball, 4, EV 103.1 MPH)
Batting: RHB Jim Unknown 0-0: Called Strike
0-1: Foul Ball, location: 2F
0-2: Ball
1-2: Ball
2-2: Strikes out swinging
Batting: LHB Ryan Price 0-0: Foul Ball, location: 7LSF
0-1: Ball
1-1: Foul Ball, location: 7LDF
1-2: Foul Ball, location: 25FF
1-2: Ball
2-2: Foul Ball, location: 2F
2-2: Foul Ball, location: 2F
2-2: Strikes out swinging
Top of the 3rd over - 0 runs, 0 hits, 0 errors, 0 left on base; Reading 1 - Trenton 0
BOTTOM OF THE 3RD
Trenton Thunder batting - Pitching for Reading Fightin Phils : RHP Danny Coyle
Batting: RHB Jack Duval 0-0: Ground out 5-3 (Groundball, 56S, EV 79.4 MPH)
Batting: RHB Brett Bresnahan 0-0: Ball
1-0: SINGLE (Groundball, 6MD, EV 103.1 MPH)
Batting: RHB Ryan Ginsburg 0-0: SINGLE (Groundball, 5D, EV 107.5 MPH)
Brett Bresnahan to second
Batting: RHB David Shamp 0-0: Called Strike
0-1: Swinging Strike
0-2: Strikes out swinging
Batting: LHB John Merryman 0-0: Ground out U3 (Groundball, 34, EV 101.9 MPH)
Bottom of the 3rd over - 0 runs, 2 hits, 0 errors, 2 left on base; Reading 1 - Trenton 0
TOP OF THE 4TH
Reading Fightin Phils batting - Pitching for Trenton Thunder : LHP Eddie Cleaver
Batting: LHB Josh Edwards 0-0: Called Strike
0-1: Ball
1-1: Foul Ball, location: 2F
1-2: Foul Ball, location: 2F
1-2: Fly out, F7 (Flyball, 7S, EV 91.3 MPH)
Batting: LHB Bryce Jackson 0-0: Called Strike
0-1: Fly out, F9 (Flyball, 9, EV 78.8 MPH)
Batting: RHB Matt Grondin 0-0: Called Strike
0-1: Swinging Strike
0-2: Foul Ball, location: 2F
0-2: Foul Ball, location: 9LMF
0-2: Ball
1-2: Fly out, F7 (Flyball, 78M, EV 85.0 MPH)
Top of the 4th over - 0 runs, 0 hits, 0 errors, 0 left on base; Reading 1 - Trenton 0
BOTTOM OF THE 4TH
Trenton Thunder batting - Pitching for Reading Fightin Phils : RHP Danny Coyle
Batting: RHB Jeremy Boland 0-0: Swinging Strike
0-1: Foul Ball, location: 3DF
0-2: Strikes out swinging
Batting: LHB Jose Berumen 0-0: Ball
1-0: Called Strike
1-1: Foul Ball, location: 2F
1-2: Ball
2-2: Foul Ball, location: 7LDF
2-2: Foul Ball, location: 2F
2-2: Fly out, F4 (Popup, 4MD, EV 65.6 MPH)
Batting: RHB Todd Rosenberger 0-0: Ground out 6-3 (Groundball, 6, EV 92.5 MPH)
Bottom of the 4th over - 0 runs, 0 hits, 0 errors, 0 left on base; Reading 1 - Trenton 0
TOP OF THE 5TH
Reading Fightin Phils batting - Pitching for Trenton Thunder : LHP Eddie Cleaver
Batting: SHB Carlos Medina 0-0: Fly out, F7 (Flyball, 7, EV 93.1 MPH)
Batting: RHB Marc Paul 0-0: Ball
1-0: Swinging Strike
1-1: Called Strike
1-2: Strikes out swinging
Batting: RHB Marcus McWilliams 0-0: Called Strike
0-1: Ball
1-1: Ball
2-1: Foul Ball, location: 5FF
2-2: Fly out, F9 (Flyball, 9, EV 93.1 MPH)
Top of the 5th over - 0 runs, 0 hits, 0 errors, 0 left on base; Reading 1 - Trenton 0
BOTTOM OF THE 5TH
Trenton Thunder batting - Pitching for Reading Fightin Phils : RHP Danny Coyle
Batting: RHB George McEneaney 0-0: Swinging Strike
0-1: Foul Ball, location: 9LSF
0-2: Ball
1-2: Ball
2-2: Ball
3-2: Fly out, F9 (Line Drive, 89M, EV 107.5 MPH)
Batting: RHB Jack Duval 0-0: Foul Ball, location: 9LMF
0-1: Ball
1-1: Ball
2-1: Foul Ball, location: 5F
2-2: Ball
3-2: Strikes out swinging
Batting: RHB Brett Bresnahan 0-0: Ball
1-0: Called Strike
1-1: Called Strike
1-2: Strikes out looking
Bottom of the 5th over - 0 runs, 0 hits, 0 errors, 0 left on base; Reading 1 - Trenton 0
TOP OF THE 6TH
Reading Fightin Phils batting - Pitching for Trenton Thunder : LHP Eddie Cleaver
Batting: LHB Sean Halliburton 0-0: Ball
1-0: Ball
2-0: Foul Ball, location: 9LDF
2-1: Ball
3-1: DOUBLE (Groundball, 3L, EV 105.6 MPH)
Pinch Runner at 2nd Jim Unknown:
Batting: RHB Jim Unknown 0-0: Foul Ball, location: 3DF
0-1: Foul Ball, location: 3F
0-2: Ball
1-2: Foul Ball, location: 2F
1-2: Ball
2-2: Foul Ball, location: 9LDF
2-2: Foul Ball, location: 5F
2-2: Fly out, F8 (Flyball, 8LD, EV 92.5 MPH)
Batting: LHB Ryan Price 0-0: SINGLE (Line Drive, 78S, EV 92.5 MPH)
Jim Unknown to third
Batting: LHB Josh Edwards 0-0: Called Strike
0-1: Called Strike
0-2: Strikes out looking
Ryan Price is caught stealing 2nd base 2-6
Batter strikes out.
Top of the 6th over - 0 runs, 2 hits, 0 errors, 1 left on base; Reading 1 - Trenton 0
BOTTOM OF THE 6TH
Trenton Thunder batting - Pitching for Reading Fightin Phils : RHP Danny Coyle
Now at 2B: Mark Murphy
Now at SS: Jim Unknown
Batting: RHB Ryan Ginsburg 0-0: Foul Ball, location: 7LDF
0-1: Foul Ball, location: 9LMF
0-2: Strikes out swinging
Batting: RHB David Shamp 0-0: Ball
1-0: Foul Ball, location: 7LDF
1-1: Ball
2-1: Called Strike
2-2: Foul Ball, location: 23F
2-2: Ground out 4-3 (Groundball, 4M, EV 81.9 MPH)
Batting: LHB John Merryman 0-0: Ball
1-0: Fly out, F9 (Flyball, 9, EV 85.6 MPH)
Bottom of the 6th over - 0 runs, 0 hits, 0 errors, 0 left on base; Reading 1 - Trenton 0
TOP OF THE 7TH
Reading Fightin Phils batting - Pitching for Trenton Thunder : LHP Eddie Cleaver
Batting: LHB Bryce Jackson 0-0: Ball
1-0: Called Strike
1-1: Ball
2-1: Foul Ball, location: 2F
2-2: Ball
3-2: Ground out 4-3 (Groundball, 4, EV 105.6 MPH)
Batting: RHB Matt Grondin 0-0: Foul Ball, location: 3SF
0-1: Ball
1-1: SINGLE (Line Drive, 34D, EV 98.1 MPH)
Batting: SHB Carlos Medina 0-0: Fly out, F8 (Flyball, 8RS, EV 75.0 MPH)
Batting: RHB Marc Paul 0-0: Fly out, F9 (Flyball, 9S, EV 85.6 MPH)
Top of the 7th over - 0 runs, 1 hit, 0 errors, 1 left on base; Reading 1 - Trenton 0
BOTTOM OF THE 7TH
Trenton Thunder batting - Pitching for Reading Fightin Phils : RHP Danny Coyle
Batting: RHB Jeremy Boland 0-0: Fly out, F8 (Flyball, 8RM, EV 88.8 MPH)
Batting: LHB Jose Berumen 0-0: SOLO HOME RUN (Line Drive, 89XD, EV 108.8 MPH), Distance : 428 ft
Batting: RHB Todd Rosenberger 0-0: Ball
1-0: SINGLE (Flyball, 7LS, EV 85.6 MPH)
Batting: RHB George McEneaney 0-0: SINGLE (Groundball, 6MD, EV 98.1 MPH) (infield hit)
Todd Rosenberger to second
Batting: RHB Jack Duval 0-0: Ball
1-0: Called Strike
1-1: Called Strike
1-2: Strikes out swinging
Batting: RHB Brett Bresnahan 0-0: Foul Ball, location: 2F
0-1: Swinging Strike
0-2: Ball
1-2: Foul Ball, location: 2F
1-2: Strikes out swinging
Bottom of the 7th over - 1 run, 3 hits, 0 errors, 2 left on base; Reading 1 - Trenton 1
TOP OF THE 8TH
Reading Fightin Phils batting - Pitching for Trenton Thunder : LHP Eddie Cleaver
Batting: RHB Marcus McWilliams 0-0: Ground out 4-3 (Groundball, 4, EV 86.3 MPH)
Batting: LHB Mark Murphy 0-0: Ball
1-0: Ball
2-0: DOUBLE (Line Drive, 78D, EV 109.4 MPH)
Batting: RHB Jim Unknown 0-0: Ball
1-0: Called Strike
1-1: Foul Ball, location: 2F
1-2: Ball
2-2: Foul Ball, location: 9LDF
2-2: Ground out 6-3 (Groundball, 6, EV 84.4 MPH)
Pitching: LHP Ken Moody
Batting: LHB Ryan Price 0-0: Ball
1-0: Foul Ball, location: 9LSF
1-1: Swinging Strike
1-2: Ball
2-2: Ground out 1-3 (Groundball, 13S, EV 68.1 MPH)
Top of the 8th over - 0 runs, 1 hit, 0 errors, 1 left on base; Reading 1 - Trenton 1
BOTTOM OF THE 8TH
Trenton Thunder batting - Pitching for Reading Fightin Phils : RHP Danny Coyle
Batting: RHB Ryan Ginsburg 0-0: Ball
1-0: Called Strike
1-1: Foul Ball, location: 5FF
1-2: Strikes out swinging
Batting: RHB David Shamp 0-0: Ball
1-0: Ball
2-0: Ball
3-0: Called Strike
3-1: Ground out 5-3 (Groundball, 56S, EV 89.4 MPH)
Batting: LHB John Merryman 0-0: Foul Ball, location: 2F
0-1: Ball
1-1: Ground out 3-1 (Groundball, 34, EV 106.3 MPH)
Bottom of the 8th over - 0 runs, 0 hits, 0 errors, 0 left on base; Reading 1 - Trenton 1
TOP OF THE 9TH
Reading Fightin Phils batting - Pitching for Trenton Thunder : LHP Ken Moody
Batting: LHB Josh Edwards 0-0: Fly out, F8 (Flyball, 78S, EV 78.8 MPH)
Batting: LHB Bryce Jackson 0-0: Ball
1-0: Called Strike
1-1: Ball
2-1: Ball
3-1: Base on Balls
Batting: RHB Matt Grondin 0-0: Ball
1-0: Ball
2-0: Swinging Strike
2-1: Ball
3-1: Foul Ball, location: 2F
3-2: Base on Balls
Bryce Jackson to second
Batting: SHB Carlos Medina 0-0: Swinging Strike
0-1: Ball
Wild Pitch!
Bryce Jackson to third
Matt Grondin to second
1-1: Ball
2-1: Swinging Strike
2-2: Strikes out swinging
Batting: RHB Marc Paul 0-0: Called Strike
0-1: SINGLE (Groundball, 4MD, EV 93.8 MPH)
Bryce Jackson scores
Matt Grondin to third
Runner from 3rd tries for Home, SAFE, throw by CF to home
Batting: RHB Marcus McWilliams 0-0: Ball
1-0: DOUBLE (Flyball, 78D, EV 100.6 MPH)
Marc Paul to third
Runner from 3rd tries for Home, SAFE, throw by CF to home
Pitching: RHP Aaron LaBonte
Batting: LHB Mark Murphy 0-0: Called Strike
0-1: Foul Ball, location: 3FF
0-2: Strikes out swinging, 2-3 out at first.
Top of the 9th over - 3 runs, 2 hits, 0 errors, 1 left on base; Reading 4 - Trenton 1
BOTTOM OF THE 9TH
Trenton Thunder batting - Pitching for Reading Fightin Phils : RHP Danny Coyle
Batting: RHB Jeremy Boland 0-0: Foul Ball, location: 3F
0-1: Ball
1-1: Foul Ball, location: 2RF
1-2: Ball
2-2: Ball
3-2: Strikes out looking
Batting: LHB Jose Berumen 0-0: Ball
1-0: SINGLE (Line Drive, 34D, EV 93.8 MPH)
Batting: RHB Todd Rosenberger 0-0: Called Strike
0-1: Foul Ball, location: 2F
0-2: Ball
1-2: Ball
2-2: Grounds into double play, 5-4-3 (Groundball, 5, EV 102.5 MPH)
Bottom of the 9th over - 0 runs, 1 hit, 0 errors, 0 left on base; Reading 4 - Trenton 1
Sunday, April 14th , 2024 - OOTP Baseball 24.11 Build 85